 Dungeon Crawl Stone Soup version 0.28-a0-1567-g1695149f81 (webtiles) character file.

Game seed: 6058445366760506832

42 ragingrage the Charlatan (level 3, 0/22 HPs)
             Began as a Gargoyle Artificer on Jan 19, 2022.
             Slain by an orc priest (5 damage)
             ... on level 2 of the Dungeon.
             The game lasted 00:01:39 (2264 turns).

ragingrage the Charlatan (Gargoyle Artificer)       Turns: 2264, Time: 00:01:39

Health: 0/22       AC:  9    Str: 17    XL:     3   Next: 54%
Magic:  3/3        EV:  9    Int: 11    God:
Gold:   81         SH:  0    Dex: 10    Spells: 2/2 levels left

rFire   . . .      SeeInvis .   b - +0 long sword
rCold   . . .      Faith    .   (no shield)
rNeg    + . .      Spirit   .   g - +0 scale mail
rPois   ∞          Reflect  .   (no helmet)
rElec   +          Harm     .   (no cloak)
rCorr   .          Rampage  .   (no gloves)
Will    .....                   (no boots)
Stlth   ..........              (no amulet)
HPRegen 0.07/turn               (no ring)
MPRegen 0.08/turn               (no ring)

@: no status effects
A: sickness immunity, AC +3, negative energy resistance 1, electricity
resistance, torment resistance 1, petrification resistance
a: no special abilities


You were on level 2 of the Dungeon.
You visited 1 branch of the dungeon, and saw 2 of its levels.

You collected 81 gold pieces.

Inventory:

Hand Weapons
 a - a +2 vorpal hunting sling
 b - a +0 long sword (weapon)
Missiles
 h - 2 poisoned darts
Armour
 g - a +0 scale mail (worn)
Wands
 c - a wand of flame (14) (quivered)
 d - a wand of charming (15)
Scrolls
 f - a scroll of summoning {unknown}
Miscellaneous
 e - a piece from Xom's chessboard (15/15)


   Skills:
 + Level 2.6 Fighting
 - Level 2.1 Armour
 - Level 0.7 Dodging
 - Level 1.1 Stealth
 + Level 3.4 Evocations


You had 2 spell levels left.
You didn't know any spells.
Your spell library was empty.

Dungeon Overview and Level Annotations

Branches:
Dungeon (2/15)

Altars:

Shops:
D:1 (


Innate Abilities, Weirdness & Mutations

You are immune to sickness and miasma.
Your stone body is resilient. (AC +3)
You are immune to poison.
You resist negative energy. (rN+)
You are resistant to electric shocks. (rElec)
You are resistant to unholy torment.
You are immune to petrification.


Message History

The orc moves out of view.
An orc is nearby!
a - a +2 vorpal hunting sling (weapon)
You shoot a stone. The stone hits the orc.
You kill the orc!
An orc priest comes into view. It is wielding a +0 mace.
You shoot a stone. The stone hits the orc priest.
The orc priest is heavily wounded.
You shoot a stone.
The stone closely misses the orc priest.
You shoot a stone. The stone hits the orc priest.
The orc priest is severely wounded.
b - a +0 long sword (weapon)
The orc priest barely misses you.
You barely miss the orc priest.
The orc priest is severely wounded.
The orc priest hits you but does no damage.
You closely miss the orc priest.
The orc priest is severely wounded.
The orc priest calls down the wrath of Beogh upon you.
Pain shoots through your body!
You closely miss the orc priest.
The orc priest is severely wounded.
The orc priest begins to cast a cantrip, but forgets the words!
The orc priest closely misses you.
You barely miss the orc priest.
The orc priest is severely wounded.
The orc wizard shouts!
You hear a shout!
The orc priest mumbles some strange prayers to Beogh against you.
Beogh smites you!
Ouch! That really hurt!
* * * LOW HITPOINT WARNING * * *
You hit the orc priest but do no damage.
The orc priest is severely wounded.
The orc priest hits you but does no damage.
The orc wizard casts a spell.
The orc wizard flickers and vanishes!
Deactivating autopickup; reactivate with Ctrl-A.
The orc priest hits you with a +0 mace.
You die...

#
#.........=..
#........[....
##......$...(.
..#......#...
###..#.#.##.{#
.........((
....#.#)#
#....#o# #.
#..#@# ....
#....#
#..#....###
#.........#
#.##..<...# .
#......#
#.#....#
#.#....#
#>....##


You could see an orc priest.

Vanquished Creatures
  3 dart slugs (D:1)
  2 orcs (D:2)
  2 endoplasms (D:1)
  4 giant cockroaches (D:1)
  2 goblins (D:1)
  3 hobgoblins (D:1)
  A quokka (D:1)
  3 ball pythons (D:1)
  2 bats (D:1)
  4 frilled lizards
  3 kobolds (D:1)
  3 rats (D:1)
32 creatures vanquished.

Vanquished Creatures (others)
  3 fungi (D:2)
  A plant (D:2)
4 creatures vanquished.

Grand Total: 36 creatures vanquished

Notes
Turn   | Place    | Note
-------+----------+-------------------------------------------
     0 | D:1      | ragingrage the Gargoyle Artificer began the quest for the
                  | Orb.
     0 | D:1      | Reached XP level 1. HP: 12/12 MP: 1/1
   430 | D:1      | Reached skill level 3 in Evocations
   430 | D:1      | Reached XP level 2. HP: 2/17 MP: 2/2
  1379 | D:1      | Reached XP level 3. HP: 17/22 MP: 3/3
  1559 | D:1      | Found Renar's Weapon Shop.
  2264 | D:2      | Slain by an orc priest

Illustrated notes

Levels and vault maps discovered:
D:1:      lightli_molten_gateway, layout_basic, serial_shops,
          nicolae_shop_bloodbath_and_beyond,
          wander_ebering_terrifying_dragon_lair
D:2:      layout_rooms, dreamdust_ecumenical_altar_hidden_monk_grotto,
          serial_shops, shop, serial_bayou_pond_c, minmay_misc_feat_columns

Skill      XL: |  1  2 |
---------------+-------+-----
Evocations     | 3 |  3.4
Fighting       | 2 |  2.6
Armour         | |  2.1
Dodging        | |  0.7
Stealth        | |  1.1

Action                   || total
-------------------------++-------
Melee: Club              ||    42
       Punch             ||     2
       Long sword        ||    83
 Fire: Hunting sling     ||     6
Evoke: Wand              ||     1
Armor: Scale mail        ||    74
Dodge: Dodged            ||    92

Table legend: (Time is in decaauts)
 A = Elapsed time spent in this place.
 B = Non-inter-level travel time spent in this place.
 C = Inter-level travel time spent in this place.
 D = Time resting spent in this place.
 E = Time spent auto-exploring this place.
 F = Levels seen in this place.
 G = Mean time per level.
                   A        B        C        D        E       F      G
               +--------+--------+--------+--------+--------+-----+--------+
         Total |   2307 |   2068 |    239 |    491 |   1231 |   2 | 1153.5 |
       Dungeon |   2307 |   2068 |    239 |    491 |   1231 |   2 | 1153.5 |
               +--------+--------+--------+--------+--------+-----+--------+

Top non-repeatable levels by time:
     D:1: 2245 daAuts
     D:2: 62 daAuts
